 Dungeon Crawl Stone Soup version 0.31-a0-489-g282fc92437 (webtiles) character file.

Game seed: 457063630559262492

135 Ethylacetat the Slasher (level 5, -9/37 HPs)
             Began as an Octopode Cinder Acolyte on Aug 8, 2023.
             Was a High Priest of Ignis.
             Mangled by a polar bear (shapeshifter) (15 damage)
             ... on level 3 of the Dungeon.
             The game lasted 00:01:53 (2003 turns).

Ethylacetat the Slasher (Octopode Cinder Acolyte)   Turns: 2003, Time: 00:01:53

Health: -9/37      AC:  1    Str: 13    XL:     5   Next: 18%
Magic:  8/8        EV: 12    Int: 17    God:    Ignis [*****.]
Gold:   122        SH:  0    Dex:  9    Spells: 8/8 levels left

rFire   + . .        h - +4 quarterstaff (chaos)
rCold   . . .        (shield currently unavailable)
rNeg    . . .        (helmet restricted)
rPois   .            (no amulet)
rElec   .            (no ring)
rCorr   .            (no ring)
SInv    .            (no ring)
Will    .....        (no ring)
Stlth   ++           (no ring)
HPRegen 0.26/turn    (no ring)
MPRegen 0.11/turn    (no ring)
                     (no ring)

%: no passive effects
@: no status effects
A: almost no armour, amphibious, 8 rings, camouflage 1, gelatinous body 1,
(nimble swimmer 1), tentacles
a: Renounce Religion, Fiery Armour, Foxfire Swarm, Rising Flame


You were on level 3 of the Dungeon.
You worshipped Ignis.
Ignis was extremely pleased with you.
You visited 1 branch of the dungeon, and saw 3 of its levels.

You collected 122 gold pieces.

Inventory:

Hand Weapons
 a - a -1 falchion of flaming
 h - a +4 quarterstaff of chaos (weapon)
Wands
 i - a wand of flame (24)
Scrolls
 b - 2 scrolls of teleportation {unknown}
 c - 2 scrolls of fog {unknown}
 d - a scroll of revelation {unknown}
 e - 2 scrolls of identify {unknown}
 g - a scroll of acquirement {unknown}
Potions
 f - a potion of heal wounds {unknown}


   Skills:
 + Level 3.8 Fighting
 + Level 3.8 Long Blades
 + Level 2.2 Spellcasting
 + Level 3.8 Fire Magic


You had 8 spell levels left.
You didn't know any spells.
Your spell library contained the following spells:

 Spells                   Type           Power      Damage    Failure   Level
 Scorch                   Fire           28%        2d6       6%          2
 Portal Projectile        Hex/Tloc       2%         N/A       50%         3
 Tukima's Dance           Hex            1%         N/A       50%         3
 Iskenderun's Mystic Bla  Conj/Tloc      1%         2d3       88%         4


Dungeon Overview and Level Annotations

Branches:
Dungeon (3/15)

Altars:


Innate Abilities, Weirdness & Mutations

You cannot wear most types of armour.
You are amphibious.
You can wear up to eight rings at the same time.
Your skin changes colour to match your surroundings (Stealth+).
Your rubbery body absorbs attacks. (AC +1, EV +1)
((You are camouflaged when in or above water. (Stealth+)))
You have tentacles for arms and can constrict up to eight enemies at once.


Message History

Your squeeze misses the goblin.
The goblin is severely wounded.
The goblin hits you with a +0 dagger. The ball python barely misses you.
The ball python misses you.
You sock the goblin! You freeze the goblin.
You kill the goblin!
The ball python bites you. The ball python barely misses you.
You barely miss the worm. You grab the worm. You tentacle-slap the worm.
The worm is lightly wounded.
You constrict the worm. You hit the worm.
The worm seems to grow stronger.
The worm is heavily wounded.
You constrict the worm. The worm bites you!
The ball python barely misses you. x2
You are too injured to fight recklessly!
You are too injured to fight recklessly!
You are too injured to fight recklessly!
You are too injured to fight recklessly!
You hit the worm. You burn the worm. You squeeze the worm, but do no damage.
The worm is almost dead.
You constrict the worm.
You kill the worm!
The ball python misses you. x2
You hit the ball python.
The ball python changes into a shapeshifter!
You grab the shapeshifter. You squeeze the shapeshifter.
The shapeshifter is severely wounded.
You constrict the shapeshifter.
You lose your grip on the polar bear.
The shapeshifter changes into a polar bear!
You hit the polar bear but do no damage.
The polar bear is lightly wounded.
The polar bear bites you.
* * * LOW HITPOINT WARNING * * *
The polar bear claws you.
* * * LOW HITPOINT WARNING * * *
The polar bear claws you.
* * * LOW HITPOINT WARNING * * *
You sock the polar bear! You burn the polar bear. You squeeze the polar bear.
The polar bear is heavily wounded.
The polar bear bites you!
You die...

##.# ##....# #
##.####....#..#
..........###.#
#..####....#.##
#.######.##...# #
.#.........##.# ..#
#.######......# #...#
#.## ###.##.####......
...### #.##...@†......
.....# #....)..h......
...#.########.####.#...#
#.##..†.......# .# ..#
#.############# # # ..#
###


You could see a polar bear shaped shifter.

Vanquished Creatures
  Crazy Yiuf (D:2)
  A hound (D:3)
  2 adders
  2 worms
  2 dart slugs
  4 orcs (D:3)
  3 ball pythons
  4 endoplasms
  A giant cockroach (D:1)
  3 goblins
  2 hobgoblins
  3 quokkas
  7 bats
  6 kobolds
  5 rats
46 creatures vanquished.

Notes
Turn   | Place    | Note
-------+----------+-------------------------------------------
     0 | D:1      | Ethylacetat the Octopode Cinder Acolyte began the quest for
                  | the Orb.
     0 | D:1      | Reached XP level 1. HP: 16/16 MP: 2/2
   174 | D:1      | Reached XP level 2. HP: 21/21 MP: 3/3
   240 | D:1      | Found a faded altar of an unknown god.
   814 | D:2      | Reached XP level 3. HP: 26/26 MP: 5/5
  1318 | D:2      | Found a runed translucent door.
  1319 | D:2      | Noticed Crazy Yiuf
  1418 | D:2      | Killed Crazy Yiuf
  1419 | D:2      | Reached XP level 4. HP: 12/31 MP: 6/6
  1890 | D:3      | Reached XP level 5. HP: 28/37 MP: 8/8
  2001 | D:3      | a ball python changed into a shapeshifter
  2001 | D:3      | Noticed a shapeshifter (shapeshifter)
  2001 | D:3      | a shapeshifter changed into a polar bear
  2001 | D:3      | Noticed a polar bear (shapeshifter)
  2003 | D:3      | Mangled by a polar bear (shapeshifter)

Illustrated notes

Levels and vault maps discovered:
D:1:      dpeg_arrival_ternary, layout_basic,
          hellmonk_ecumenical_altar_prayer_group
D:2:      layout_rooms, serial_aquarium, aquarium_bridge_square
          [aquarium_subvault_wall, aquarium_subvault_bridge,
          aquarium_subvault_window, aquarium_subvault_bridge],
          aquarium_bridge_square [aquarium_subvault_wall,
          aquarium_subvault_window, aquarium_subvault_balcony,
          aquarium_subvault_bridge], aquarium_window_fake,
          aquarium_window_corridor_3, aquarium_view_2c, aquarium_balcony_3b,
          aquarium_pool_2, uniq_crazy_yiuf_cottage
D:3:      layout_loops_ring, fedhas_altar_fruit_tree, uniq_pargi

Skill      XL: |  1  2  3  4 |
---------------+-------------+-----
Spellcasting   | 2 |  2.2
Fighting       | |  3.8
Long Blades    | |  3.8
Fire Magic     | |  3.8

Action                     |  1- 3 |  4- 6 || total
---------------------------+-------+-------++-------
  Melee: Falchion          |    73 |       ||    73
         Constrict         |    15 |     7 ||    22
         Tentacles         |     8 |     8 ||    16
         Quarterstaff      |       |    30 ||    30
         Punch             |       |     1 ||     1
 Invoke: Fiery Armour      |     1 |       ||     1
   Stab: Sleeping          |     7 |     2 ||     9
 Armour: Skin              |    17 |     1 ||    18
  Dodge: Dodged            |    47 |    20 ||    67

Table legend: (Time is in decaauts)
 A = Elapsed time spent in this place.
 B = Non-inter-level travel time spent in this place.
 C = Inter-level travel time spent in this place.
 D = Time resting spent in this place.
 E = Time spent auto-exploring this place.
 F = Levels seen in this place.
 G = Mean time per level.
                   A        B        C        D        E       F      G
               +--------+--------+--------+--------+--------+-----+--------+
         Total |   2020 |   1954 |     66 |      0 |   1628 |   3 |  673.3 |
       Dungeon |   2020 |   1954 |     66 |      0 |   1628 |   3 |  673.3 |
               +--------+--------+--------+--------+--------+-----+--------+

Top non-repeatable levels by time:
     D:2: 798 daAuts
     D:1: 777 daAuts
     D:3: 444 daAuts
